 Dungeon Crawl Stone Soup version 0.24.0-1-gfbc8707 (webtiles) character file.

Game seed: 13787558226785450377, levelgen mode: deterministic

1 Charmandara the Bolt Thrower (level 1, -1/21 HPs)
             Began as a Hill Orc Wanderer on Nov 1, 2019.
             Slain by a jackal (2 damage)
             ... on level 1 of the Dungeon.
             The game lasted 00:00:50 (36 turns).

Charmandara the Bolt Thrower (Hill Orc Wanderer)      Turns: 36, Time: 00:00:50

Health: -1/21      AC: 20    Str: 18    XL:     1   Next: 20%
Magic:  3/3        EV:  2    Int: 10    God:
Gold:   7          SH:  0    Dex:  8    Spells: 3/4 levels left

rFire    . . .     SeeInvis .   a - +0 club
rCold    . . .     Gourm    .   (no shield)
rNeg     + + +     Faith    .   (armour currently unavailable)
rPois    +         Spirit   .   (helmet currently unavailable)
rElec    .         Reflect  .   (cloak currently unavailable)
rCorr    .         Harm     .   (gloves currently unavailable)
MR       .....     NoTele   +   (boots currently unavailable)
Stlth    +.........             (no amulet)
HPRegen  0.07/turn              (no ring)
MPRegen  0.08/turn              (no ring)

@: tree-form
A: no striking features
a: no special abilities


You were on level 1 of the Dungeon.
You were not hungry.
You were a tree.
You visited 1 branch of the dungeon, and saw 1 of its levels.

You collected 7 gold pieces.

Inventory:

Hand Weapons
 a - a +0 club (weapon)
Armour
 d - a +0 robe (melded)
Potions
 b - a potion of haste {unknown}
Comestibles
 f - a ration


   Skills:
   Level 2.6 Crossbows
   Level 1.1 Shields
 + Level 2.4 Spellcasting
   Level 2.0 Hexes
   Level 1.0 Evocations


You had 3 spell levels left.
You knew the following spells:

 Your Spells              Type           Power        Failure   Level  Hunger
g - Apportation           Tloc           #.....       30%         1    ##.....

Your spell library contained the following spells:

 Spells                   Type           Power        Failure   Level  Hunger
 Corona                   Hex            #......      13%         1    ##.....
 Ensorcelled Hibernation  Hex/Ice        #.....       30%         2    ###....
 Confuse                  Hex            #.......     36%         3    ####...
 Tukima's Dance           Hex            #.......     36%         3    ####...
 Dazzling Spray           Conj/Hex       #.....       52%         3    ####...
 Teleport Other           Tloc           #.......     65%         3    ####...


Dungeon Overview and Level Annotations

Branches:
Dungeon (1/15)

Altars:


Message History

Welcome, Charmandara the Hill Orc Wanderer.
The bosom of this dungeon contains the fabulous artefact, the Orb of Zot.
Found an inky potion and 7 gold pieces.
Found a staircase leading out of the dungeon.
You begin with the following items: a +0 club, a potion of lignification {!q}, a +0 robe, a ration; and the following spells available to memorise: Corona, Apportation, Ensorcelled Hibernation, Confuse, Tukima's Dance, Dazzling Spray, Teleport Other.
Okay, then.
Memorise Apportation, consuming 1 spell level and leaving 3?
You start memorising the spell.
You continue memorising.
You finish memorising.
Spell assigned to 'g'.
Okay, then.
Okay, then.
Okay, then.
b - an inky potion
There is a staircase leading out of the dungeon here.
You now have 7 gold pieces.
You enter the shallow water.
Moving in this stuff is going to be slow.
A jackal comes into view.
Okay, then.
The jackal barks!
A jackal comes into view.
The jackal barks!
The jackal closely misses you.
You don't know that spell.
Unknown command.
You hit the jackal. You barely miss the jackal. The jackal bites you.
The jackal closely misses you.
You take 3 damage, and have 11/14 hp.
MASSIVE DAMAGE!!
You barely miss the jackal. The jackal bites you.
You take 2 damage, and have 9/14 hp.
You hit the jackal. The jackal bites you. The jackal barely misses you.
You take 1 damage, and have 8/14 hp.
You hit the jackal. The jackal bites you. The jackal closely misses you.
You take 2 damage, and have 6/14 hp.
You barely miss the jackal. The jackal bites you. x2
You take 1 damage, and have 5/14 hp.
You closely miss the jackal. The jackal barely misses you.
The jackal bites you.
* * * LOW HITPOINT WARNING * * *
You take 1 damage, and have 4/14 hp.
You hit the jackal but do no damage. The jackal bites you.
* * * LOW HITPOINT WARNING * * *
The jackal misses you.
You take 3 damage, and have 1/14 hp.
MASSIVE DAMAGE!!
Okay, then.
You closely miss the jackal. The jackal closely misses you.
Unknown command.
Really quaff
c - a potion of lignification {!q}?
Really quaff the potion of lignification?
You turn into a tree.
Your +0 robe melds into your body.
Your roots penetrate the ground.
The jackal barely misses you.
The jackal bites you but does no damage.
You now have 1/21 hp.
You barely miss the jackal.
The jackal bites you but does no damage. x2
You barely miss the jackal.
The jackal bites you but does no damage.
You barely miss the jackal.
The jackal bites you but does no damage. x2
You closely miss the jackal.
The jackal bites you but does no damage.
The jackal bites you.
* * * LOW HITPOINT WARNING * * *
You take 1 damage, and have 1/21 hp.
Unknown command.
You closely miss the jackal.
The jackal bites you but does no damage. x2
You barely miss the jackal.
The jackal bites you but does no damage. x2
You hit the jackal but do no damage.
The jackal bites you but does no damage.
You hit the jackal.
You kill the jackal!
The jackal bites you but does no damage.
You closely miss the jackal.
The jackal bites you but does no damage.
The jackal barely misses you.
You closely miss the jackal.
The jackal bites you but does no damage.
The jackal bites you.
You die...

#≈.P...♣..≈#
#≈PPP.♣♣♣.≈#
#≈.P...♣ .≈#
#≈≈≈♣≈♣≈≈≈≈#
#####.######
#.######.#
#........#
#.#####.########
#...h♣..#
#########


You could see a jackal.

Vanquished Creatures
  A jackal (D:1)
1 creature vanquished.

Notes
Turn   | Place    | Note
-------+----------+-------------------------------------------
     0 | D:1      | Charmandara the Hill Orc Wanderer began the quest for the
                  | Orb.
     0 | D:1      | Charmandara set off with the following items: a +0 club, a
                  | potion of lignification {!q}, a +0 robe, a ration; and the
                  | following spells available to memorise: Corona,
                  | Apportation, Ensorcelled Hibernation, Confuse, Tukima's
                  | Dance, Dazzling Spray, Teleport Other
     0 | D:1      | Reached XP level 1. HP: 14/14 MP: 3/3
     2 | D:1      | Learned a level 1 spell: Apportation
    24 | D:1      | HP: 1/14 [jackal (3)]
    30 | D:1      | HP: 1/21 [jackal (1)]
    36 | D:1      | Slain by a jackal

Levels and vault maps discovered:
D:1:      ldierk_walled_garden, layout_basic

Action                   || total
-------------------------++-------
Melee: Club              ||    19
  Use: Potion            ||     1
Armor: Skin              ||    15
Dodge: Dodged            ||     9

Levels and vault maps discovered:
D:1:      ldierk_walled_garden, layout_basic

Table legend:
 A = Turns spent in this place as a percentage of turns spent in the entire game.
 B = Non-inter-level travel turns spent in this place as a percentage of non-inter-level travel turns spent in the entire game.
 C = Inter-level travel turns spent in this place as a percentage of turns spent in this place.
 D = Turns resting spent in this place as a percentage of non-inter-level travel turns spent in this place.
 E = Turns spent auto-exploring this place as a percentage of non-inter-level travel turns spent in this place.
 F = Non-inter-level travel turns spent in this place divided by the number of levels of this place that you've seen.
                   A       B       C       D       E      F
               +-------+-------+-------+-------+-------+----------------------
         Total | 100.0 | 100.0 |   0.0 |   0.0 |  30.6 |  36.0
       Dungeon | 100.0 | 100.0 |   0.0 |   0.0 |  30.6 |  36.0
               +-------+-------+-------+-------+-------+----------------------

Table legend:
 A = Kills in this place as a percentage of kills in entire the game.
 B = Kills by you in this place as a percentage of kills by you in the entire game.
 C = Kills by friends in this place as a percentage of kills by friends in the entire game.
 D = Other kills in this place as a percentage of other kills in the entire game.
 E = Experience gained in this place as a percentage of experience gained in the entire game.
 F = Experience gained in this place divided by the number of levels of this place that you have seen.
                   A       B       C       D       E      F
               +-------+-------+-------+-------+-------+----------------------
         Total | 100.0 | 100.0 |   N/A |   N/A | 100.0 |   2.0
       Dungeon | 100.0 | 100.0 |   N/A |   N/A | 100.0 |   2.0
               +-------+-------+-------+-------+-------+----------------------
